Comets vs Marlies

Created - December 9, 2023 at 07:47

Goals
1 2 3 OT1 SO T
Comets 1 0 2 0 2 3
Marlies 1 0 2 0 3 4
Shots
1 2 3 OT1 SO T
Comets 15 13 8 0 7 36
Marlies 11 12 8 3 7 34

1st period

1. Comets , Ryan Lomberg 13 (Nicolas Petan 16) at 7:51
2. Marlies , Colton Sissons 12 (Martin Necas 11, Tyler Benson 10) at 17:14 (PP)

Penalties :
Daniil Miromanov (Uti) for Tripping (Minor) at 17:04

2nd period

No Goal

Penalties :
Juho Lammikko (Uti) for Tripping (Minor) at 0:25, Colton Sissons (Tor) for Tripping (Minor) at 6:20, Juuso Riikola (Uti) for Slashing (Minor) at 13:29

3rd period

3. Comets , Juho Lammikko 10 (Adam Ollas-Mattsson 5) at 10:19
4. Comets , Daniel Zaar 8 (Nicolas Petan 17) at 15:10
5. Marlies , Tyler Benson 7 (Pierre-Olivier Joseph 22, Martin Necas 12) at 18:45 (PP)
6. Marlies , Jeff Corbett 3 (Colton Sissons 15) at 18:57

Penalties :
Jean-Sebastien Dea (Uti) for Holding (Minor) at 4:42, Vladislav Gavrikov (Uti) for Roughing (Minor) at 18:35

Overtime #1

No Goal

Penalties :
No Penalty

Shootout

Comets, Daniel Zaar - Goal!
Marlies, Colton Sissons - Goal!
Comets, Ryan Lomberg - Stopped by Maxime Lagace
Marlies, Aleksi Saarela - Shot Misses the Net
Comets, Nicolas Petan - Shot Misses the Net
Marlies, Tyler Benson - Shot Misses the Net
Comets, Curtis Lazar - Stopped by Maxime Lagace
Marlies, Logan Brown - Stopped by Casey DeSmith
Comets, Jean-Sebastien Dea - Stopped by Maxime Lagace
Marlies, Mathieu Olivier - Shot Misses the Net
Comets, Mackenzie MacEachern - Goal!
Marlies, Joel Farabee - Goal!
Comets, Trevor Moore - Stopped by Maxime Lagace
Marlies, Matthew Highmore - Goal!

Penalties :
No Penalty

Goalie Stats

Casey DeSmith (Uti), 31 saves from 34 shots - (0.912), OTL, 3-4-2, 65:00 minutes
Maxime Lagace (Tor), 33 saves from 36 shots - (0.917), W, 4-2-2, 64:56 minutes

Players Stats for Comets

Player Name              G  A  P  +/- PIM S  H  SB GA TA FO     MP     PP MP  PK MP  
------------------------------------------------------------------------------------
Adam Ollas-Mattsson      0  1  1   1  0   0  1  1  0  1  0/0    10:31   0:00   0:00 
Anton Zlobin             0  0  0   0  0   0  0  0  0  0  0/0     2:10   0:00   1:01 
Charles Hudon            0  0  0   0  0   1  0  0  0  0  0/0     1:32   0:00   0:23 
Curtis Lazar             0  0  0   0  0   4  4  0  0  1  0/0    17:32   0:49   1:33 
Dan Renouf               0  0  0   2  0   2  0  1  1  0  0/0    19:14   0:36   2:51 
Daniel Zaar              1  0  1   1  0   3  1  2  3  0  4/12   23:37   1:10   4:03 
Daniil Miromanov         0  0  0   0  2   0  0  0  0  0  0/0     5:30   0:00   0:00 
Guillaume Brisebois      0  0  0   0  0   0  0  0  0  0  0/0     5:42   0:00   0:11 
Jay O'Brien              0  0  0   0  0   0  0  0  0  0  0/0     0:00   0:00   0:00 
Jean-Sebastien Dea       0  0  0   0  2   3  3  2  0  0  8/12   15:53   0:49   0:00 
Juho Lammikko            1  0  1   1  2   2  3  1  0  0  0/0    14:37   0:00   0:00 
Juuso Riikola            0  0  0   2  2   2  1  1  0  0  0/0    18:46   0:36   1:55 
Lane Pederson            0  0  0   0  0   2  0  0  0  0  2/4     8:09   0:00   0:13 
Mackenzie MacEachern     0  0  0   0  0   2  1  0  0  0  0/0     7:56   0:00   0:00 
Michael Joly             0  0  0   0  0   3  0  0  0  0  0/0     7:56   0:00   0:00 
Nicolas Petan            0  2  2   1  0   0  3  1  2  0  17/27  21:03   1:10   1:33 
Phil Di Giuseppe         0  0  0   1  0   1  1  0  0  0  0/0    12:36   0:00   0:00 
Rasmus Asplund           0  0  0   0  0   0  0  0  0  0  0/0     0:00   0:00   0:00 
Ryan Lomberg             1  0  1   1  0   8  1  0  3  0  1/4    23:34   1:10   3:48 
Scott Harrington         0  0  0  -1  0   1  2  4  1  1  0/0    26:34   1:23   3:26 
Trevor Moore             0  0  0   0  0   1  1  0  0  0  0/0    14:48   0:49   0:00 
Tyler Graovac            0  0  0   1  0   0  1  0  0  0  3/10   12:18   0:00   0:00 
Vladislav Gavrikov       0  0  0  -1  2   1  0  1  1  0  0/0    27:14   1:23   3:16 
William Lagesson         0  0  0   1  0   0  0  0  0  0  0/0    11:26   0:00   0:55 
William Lockwood         0  0  0   0  0   0  0  0  0  0  0/0     0:00   0:00   0:00 

Players Stats for Marlies

Player Name              G  A  P  +/- PIM S  H  SB GA TA FO     MP     PP MP  PK MP  
------------------------------------------------------------------------------------
Aleksi Saarela           0  0  0  -1  0   3  1  0  1  1  12/25  21:03   2:25   0:50 
Alex Formenton           0  0  0   0  0   2  2  0  0  0  0/0    15:54   2:25   0:00 
Brendan Guhle            0  0  0   0  0   2  1  3  0  1  0/0    31:03   4:15   1:13 
Colton Sissons           1  1  2   1  2   5  5  0  0  0  11/21  19:59   3:52   0:00 
Henri Ikonen             0  0  0  -1  0   0  1  0  0  0  0/0    11:00   0:00   0:42 
Jeff Corbett             1  0  1   1  0   2  2  0  0  1  0/0    23:13   2:02   1:13 
Joel Farabee             0  0  0  -1  0   1  0  0  2  0  1/1    11:23   0:00   0:00 
Keaton Thompson          0  0  0  -2  0   1  0  2  0  0  0/0    12:40   0:00   0:00 
Kole Sherwood            0  0  0  -1  0   3  1  1  0  0  0/1    11:49   0:00   0:00 
Logan Brown              0  0  0  -1  0   3  0  0  0  0  4/9    12:49   0:00   0:00 
Lucas Carlsson           0  0  0   0  0   0  1  1  0  0  0/0    18:47   2:02   0:46 
Martin Necas             0  2  2  -1  0   1  1  0  0  2  2/5    21:53   3:52   0:00 
Mathieu Olivier          0  0  0   1  0   3  1  0  0  2  2/2    18:16   2:25   1:09 
Matthew Highmore         0  0  0  -1  0   0  0  0  0  1  2/4    10:13   0:00   0:00 
Pierre-Olivier Joseph    0  1  1  -1  0   3  0  3  0  2  0/0    26:37   4:15   0:46 
Rasmus Dahlin            0  0  0  -2  0   1  0  0  0  1  0/0    12:40   0:00   0:00 
Tobias Lindberg          0  0  0  -1  0   2  2  1  0  0  0/0    10:20   0:00   0:00 
Tyler Benson             1  1  2   0  0   2  0  3  0  0  0/1    23:21   3:52   1:17 

3 Stars

1 - Colton Sissons (Tor)
2 - Tyler Benson (Tor)
3 - Jeff Corbett (Tor)

Power Play

Comets - 0 on 1 Attempt(s) - 0.00%
Marlies - 2 on 5 Attempt(s) - 40.00%

Penalty Kill

Comets - 3 on 5 Attempt(s) - 60.00% - Score 0 goal in Penalty Kill
Marlies - 1 on 1 Attempt(s) - 100.00% - Score 0 goal in Penalty Kill

Team Stat

Comets - Hits : 23 - Faceoff Wins : 35 - Blocked Shots : 14 - Penalty Minutes : 10
Marlies - Hits : 18 - Faceoff Wins : 34 - Blocked Shots : 14 - Penalty Minutes : 2

Official

Referees : Graham Skilliter and Kendrick Nicholson
Linesman : Ryan Galloway and Steve Miller

Game Notes

No Game Note

Finance

Level 1 -- Attendance: 1807 (90.35%) -- Ticket Income $126,490
Level 2 -- Attendance: 935 (93.50%) -- Ticket Income $37,400
Total Attendance: 2742 (91.40%)
Total Ticket Income: $163,890
Other Income: $8,194
Total Income: $172,084

Comets

5 vs 5 Forward 
   Center                   Left Wing                Right Wing               Time % Phy DF OF 
 1 Nicolas Petan            Ryan Lomberg             Daniel Zaar              40     1   2  2  
 2 Jean-Sebastien Dea       Trevor Moore             Curtis Lazar             30     1   2  2  
 3 Tyler Graovac            Phil Di Giuseppe         Juho Lammikko            20     1   2  2  
 4 Lane Pederson            Mackenzie MacEachern     Michael Joly             10     1   2  2  

5 vs 5 Defense 
   Defense                  Defense                                           Time % Phy DF OF 
 1 Vladislav Gavrikov       Scott Harrington                                  40     1   2  2  
 2 Juuso Riikola            Dan Renouf                                        30     1   2  2  
 3 Adam Ollas-Mattsson      William Lagesson                                  20     1   2  2  
 4 Guillaume Brisebois      Daniil Miromanov                                  10     1   2  2  

PowerPlay Forward 
   Center                   Left Wing                Right Wing               Time % Phy DF OF 
 1 Nicolas Petan            Ryan Lomberg             Daniel Zaar              60     1   2  2  
 2 Jean-Sebastien Dea       Trevor Moore             Curtis Lazar             40     1   2  2  

PowerPlay Defense
   Defense                  Defense                                           Time % Phy DF OF 
 1 Vladislav Gavrikov       Scott Harrington                                  60     1   2  2  
 2 Juuso Riikola            Dan Renouf                                        40     1   2  2  

Penalty Kill 4 Players Forward 
   Center                   Wing                     Time % Phy DF OF 
 1 Daniel Zaar              Ryan Lomberg             60     1   2  2  
 2 Nicolas Petan            Curtis Lazar             40     1   2  2  

Penalty Kill 4 Players Defense
   Defense                  Defense                  Time % Phy DF OF 
 1 Vladislav Gavrikov       Scott Harrington         60     1   2  2  
 2 Juuso Riikola            Dan Renouf               40     1   2  2  

Penalty Kill - 3 Players Forward 
   Forward                                           Time % Phy DF OF 
 1 Daniel Zaar                                       60     1   2  2  
 2 Ryan Lomberg                                      40     1   2  2  

Penalty Kill - 3 Players Defense
   Defense                  Defense                  Time % Phy DF OF 
 1 Vladislav Gavrikov       Scott Harrington         60     1   2  2  
 2 Juuso Riikola            Dan Renouf               40     1   2  2  

4 vs 4 Forward 
   Center                   Wing                     Time % Phy DF OF 
 1 Daniel Zaar              Ryan Lomberg             60     1   2  2  
 2 Nicolas Petan            Curtis Lazar             40     1   2  2  

4 vs 4 Defense
   Defense                  Defense                  Time % Phy DF OF 
 1 Vladislav Gavrikov       Scott Harrington         60     1   2  2  
 2 Juuso Riikola            Dan Renouf               40     1   2  2  

Last Minutes Offensive
   Center                   Left Wing                Right Wing               Defense                  Defense                  
   Nicolas Petan            Ryan Lomberg             Daniel Zaar              Vladislav Gavrikov       Scott Harrington         

Last Minutes Defensive
   Center                   Left Wing                Right Wing               Defense                  Defense                  
   Nicolas Petan            Ryan Lomberg             Daniel Zaar              Vladislav Gavrikov       Scott Harrington         

Goaltenders
Starting : Casey DeSmith            
Backup : Marek Langhamer          

Extra Forwards
Normal : Charles Hudon, William Lockwood, Anton Zlobin - PP : Charles Hudon, William Lockwood - PK : Anton Zlobin
Extra Defensemen
Normal : Adam Ollas-Mattsson, William Lagesson, Guillaume Brisebois - PP : Adam Ollas-Mattsson - PK : William Lagesson, Guillaume Brisebois
Penalty Shots
Daniel Zaar, Ryan Lomberg, Nicolas Petan, Curtis Lazar, Jean-Sebastien Dea
Custom OT Lines Forwards
Daniel Zaar, Ryan Lomberg, Nicolas Petan, Curtis Lazar, Jean-Sebastien Dea, Juho Lammikko, Trevor Moore, Phil Di Giuseppe, Mackenzie MacEachern, Charles Hudon
Custom OT Lines Defensemen
Vladislav Gavrikov, Scott Harrington, Juuso Riikola, Dan Renouf, Adam Ollas-Mattsson

Scratches
Jaret Anderson-Dolan (Healthy), Brandon Saigeon (Healthy), Jack Rathbone (Healthy), Michael Kesselring (Healthy), Michael Dipietro (Healthy)

Marlies

5 vs 5 Forward 
   Center                   Left Wing                Right Wing               Time % Phy DF OF 
 1 Aleksi Saarela           Tyler Benson             Martin Necas             40     1   2  2  
 2 Colton Sissons           Alex Formenton           Mathieu Olivier          30     1   2  2  
 3 Logan Brown              Joel Farabee             Kole Sherwood            20     1   2  2  
 4 Matthew Highmore         Henri Ikonen             Tobias Lindberg          10     1   2  2  

5 vs 5 Defense 
   Defense                  Defense                                           Time % Phy DF OF 
 1 Brendan Guhle            Pierre-Olivier Joseph                             40     1   2  2  
 2 Jeff Corbett             Lucas Carlsson                                    30     1   2  2  
 3 Keaton Thompson          Rasmus Dahlin                                     20     1   2  2  
 4 Brendan Guhle            Jeff Corbett                                      10     1   2  2  

PowerPlay Forward 
   Center                   Left Wing                Right Wing               Time % Phy DF OF 
 1 Colton Sissons           Tyler Benson             Martin Necas             60     1   1  3  
 2 Aleksi Saarela           Alex Formenton           Mathieu Olivier          40     1   1  3  

PowerPlay Defense
   Defense                  Defense                                           Time % Phy DF OF 
 1 Brendan Guhle            Pierre-Olivier Joseph                             60     1   1  3  
 2 Jeff Corbett             Lucas Carlsson                                    40     1   1  3  

Penalty Kill 4 Players Forward 
   Center                   Wing                     Time % Phy DF OF 
 1 Colton Sissons           Tyler Benson             60     1   2  2  
 2 Aleksi Saarela           Alex Formenton           40     1   2  2  

Penalty Kill 4 Players Defense
   Defense                  Defense                  Time % Phy DF OF 
 1 Brendan Guhle            Jeff Corbett             60     1   2  2  
 2 Pierre-Olivier Joseph    Lucas Carlsson           40     1   2  2  

Penalty Kill - 3 Players Forward 
   Forward                                           Time % Phy DF OF 
 1 Colton Sissons                                    60     1   2  2  
 2 Aleksi Saarela                                    40     1   2  2  

Penalty Kill - 3 Players Defense
   Defense                  Defense                  Time % Phy DF OF 
 1 Brendan Guhle            Jeff Corbett             60     1   2  2  
 2 Pierre-Olivier Joseph    Lucas Carlsson           40     1   2  2  

4 vs 4 Forward 
   Center                   Wing                     Time % Phy DF OF 
 1 Colton Sissons           Tyler Benson             60     1   2  2  
 2 Aleksi Saarela           Alex Formenton           40     1   2  2  

4 vs 4 Defense
   Defense                  Defense                  Time % Phy DF OF 
 1 Brendan Guhle            Jeff Corbett             60     1   2  2  
 2 Pierre-Olivier Joseph    Lucas Carlsson           40     1   2  2  

Last Minutes Offensive
   Center                   Left Wing                Right Wing               Defense                  Defense                  
   Colton Sissons           Tyler Benson             Mathieu Olivier          Brendan Guhle            Jeff Corbett             

Last Minutes Defensive
   Center                   Left Wing                Right Wing               Defense                  Defense                  
   Colton Sissons           Tyler Benson             Mathieu Olivier          Brendan Guhle            Jeff Corbett             

Goaltenders
Starting : Maxime Lagace            
Backup : Logan Thompson           

Extra Forwards
Normal : Mathieu Olivier, Martin Necas, Kole Sherwood - PP : Mathieu Olivier, Martin Necas - PK : Mathieu Olivier
Extra Defensemen
Normal : Lucas Carlsson, Keaton Thompson, Rasmus Dahlin - PP : Lucas Carlsson - PK : Lucas Carlsson, Keaton Thompson
Penalty Shots
Colton Sissons, Aleksi Saarela, Tyler Benson, Logan Brown, Mathieu Olivier
Custom OT Lines Forwards
Colton Sissons, Aleksi Saarela, Tyler Benson, Logan Brown, Mathieu Olivier, Martin Necas, Kole Sherwood, Alex Formenton, Matthew Highmore, Joel Farabee
Custom OT Lines Defensemen
Brendan Guhle, Jeff Corbett, Pierre-Olivier Joseph, Lucas Carlsson, Keaton Thompson

Scratches
Isac Lundestrom (Healthy), Brycen Martin (Healthy), Marc McLaughlin (Healthy), Jonathan Gruden (Healthy), Dennis Gilbert (Healthy)
Jaden Lindo (Healthy), Jakob Forsbacka-Karlsson (Healthy), Dmitri Samorukov (Healthy), Jacob Bernard-Docker (Healthy), Radovan Bondra (Healthy)
Xavier Bernard (Healthy), Mike Hardman (Healthy), Otto Koivula (Healthy), Jonathan Davidsson (Healthy), Hugh McGing (Healthy)
Jan Jenik (Healthy), Veini Vehvilainen (Healthy), Matthew Thiessen (Healthy)

% Time on Ice - Comets

Lines # - Real PCT - Wanted PCT - Time Play
Normal Forward
1 - 34% - 40% - 17:37
2 - 27% - 30% - 13:41
3 - 24% - 20% - 12:18
4 - 15% - 10% - 7:56
Normal Defense
1 - 38% - 40% - 19:43
2 - 31% - 30% - 15:47
3 - 20% - 20% - 10:31
4 - 11% - 10% - 5:31
PP Forward
1 - 59% - 60% - 1:10
2 - 41% - 40% - 0:49
PP Defense
1 - 70% - 60% - 1:23
2 - 30% - 40% - 0:36
PK Forward
1 - 75% - 60% - 4:44
2 - 25% - 40% - 1:33
PK Defense
1 - 55% - 60% - 3:26
2 - 45% - 40% - 2:51
PK3 Forward
1 - 0% - 60%
2 - 0% - 40%
PK3 Defense
1 - 0% - 60%
2 - 0% - 40%
44 Forward
1 - 0% - 60%
2 - 0% - 40%
44 Defense
1 - 0% - 60%
2 - 0% - 40%
Last Minute Offensive  - 0:00
Last Minute Defensive  - 0:12
Total
Forward - 60:00
Defense - 60:00

% Time on Ice - Marlies

Lines # - Real PCT - Wanted PCT - Time Play
Normal Forward
1 - 32% - 40% - 16:39
2 - 26% - 30% - 13:17
3 - 22% - 20% - 11:23
4 - 20% - 10% - 10:13
Normal Defense
1 - 39% - 40% - 20:09
2 - 31% - 30% - 15:59
3 - 25% - 20% - 12:40
4 - 5% - 10% - 2:44
PP Forward
1 - 62% - 60% - 3:52
2 - 38% - 40% - 2:25
PP Defense
1 - 68% - 60% - 4:15
2 - 32% - 40% - 2:02
PK Forward
1 - 100% - 60% - 1:59
2 - 0% - 40% - 0:00
PK Defense
1 - 61% - 60% - 1:13
2 - 39% - 40% - 0:46
PK3 Forward
1 - 0% - 60%
2 - 0% - 40%
PK3 Defense
1 - 0% - 60%
2 - 0% - 40%
44 Forward
1 - 0% - 60%
2 - 0% - 40%
44 Defense
1 - 0% - 60%
2 - 0% - 40%
Last Minute Offensive  - 0:12
Last Minute Defensive  - 0:00
Total
Forward - 60:00
Defense - 60:00

Play-by-Play

1st period


0:01 of 1st period - Nicolas Petan wins face-off versus Aleksi Saarela in neutral zone.
0:26 of 1st period - Tyler Benson is hit by Scott Harrington.
0:50 of 1st period - Brendan Guhle is hit by Jean-Sebastien Dea and loses puck.
1:41 of 1st period - Nicolas Petan is hit by Tobias Lindberg and loses puck.
1:51 of 1st period - Off-side.
1:52 of 1st period - Colton Sissons wins face-off versus Tyler Graovac in neutral zone.
3:04 of 1st period - Slapshot by Rasmus Dahlin.
3:04 of 1st period - Shot Misses the Net.
3:06 of 1st period - Snap shot by Tobias Lindberg.
3:06 of 1st period - Shot Blocked by Scott Harrington.
3:43 of 1st period - Snap shot by Phil Di Giuseppe.
3:43 of 1st period - Deflect By Tyler Benson.
3:43 of 1st period - Shot Misses the Net.
3:43 of 1st period - Puck is out of play.
3:44 of 1st period - Tyler Graovac wins face-off versus Martin Necas in Marlies zone.
3:53 of 1st period - Wrist shot by Juho Lammikko.
3:53 of 1st period - Shot Misses the Net.
4:27 of 1st period - Slapshot by Martin Necas.
4:27 of 1st period - Stopped by Casey DeSmith without a rebound.
4:28 of 1st period - Nicolas Petan wins face-off versus Colton Sissons in Comets zone.
4:41 of 1st period - Slapshot by Rasmus Dahlin.
4:41 of 1st period - Shot Blocked by Daniel Zaar.
5:04 of 1st period - Snap shot by Logan Brown.
5:04 of 1st period - Stopped by Casey DeSmith with a rebound.
5:06 of 1st period - Slapshot by Brendan Guhle.
5:06 of 1st period - Stopped by Casey DeSmith with a rebound.
5:08 of 1st period - Slapshot by Pierre-Olivier Joseph.
5:08 of 1st period - Deflect By Kole Sherwood.
5:08 of 1st period - Shot Misses the Net.
5:08 of 1st period - Puck is out of play.
5:09 of 1st period - Aleksi Saarela wins face-off versus Lane Pederson in Comets zone.
5:17 of 1st period - Off-side.
5:18 of 1st period - Lane Pederson wins face-off versus Aleksi Saarela in neutral zone.
5:21 of 1st period - Wrist shot by Michael Joly.
5:21 of 1st period - Stopped by Maxime Lagace with a rebound.
5:23 of 1st period - Snap shot by Adam Ollas-Mattsson.
5:23 of 1st period - Shot Misses the Net.
5:25 of 1st period - Wrist shot by Mackenzie MacEachern.
5:25 of 1st period - Shot Blocked by Tyler Benson.
5:27 of 1st period - Wrist shot by Lane Pederson.
5:27 of 1st period - Shot Hit the Post.
5:29 of 1st period - Slapshot by William Lagesson.
5:29 of 1st period - Shot Blocked by Brendan Guhle.
5:31 of 1st period - Slapshot by Adam Ollas-Mattsson.
5:31 of 1st period - Shot Blocked by Brendan Guhle.
5:37 of 1st period - Wrist shot by Mackenzie MacEachern.
5:37 of 1st period - Shot Misses the Net.
5:39 of 1st period - Slapshot by Adam Ollas-Mattsson.
5:39 of 1st period - Shot Blocked by Tyler Benson.
5:41 of 1st period - Wrist shot by Mackenzie MacEachern.
5:41 of 1st period - Shot Blocked by Pierre-Olivier Joseph.
5:43 of 1st period - Snap shot by Lane Pederson.
5:43 of 1st period - Shot Misses the Net.
5:47 of 1st period - Slapshot by Michael Joly.
5:47 of 1st period - Stopped by Maxime Lagace without a rebound.
5:48 of 1st period - Nicolas Petan wins face-off versus Logan Brown in Marlies zone.
6:17 of 1st period - Icing by Mathieu Olivier.
6:18 of 1st period - Jean-Sebastien Dea wins face-off versus Colton Sissons in Marlies zone.
6:42 of 1st period - Jean-Sebastien Dea is hit by Mathieu Olivier and loses puck.
6:49 of 1st period - Wrist shot by Alex Formenton.
6:49 of 1st period - Shot Misses the Net.
6:51 of 1st period - Backhand shot by Colton Sissons.
6:51 of 1st period - Deflect By Alex Formenton.
6:51 of 1st period - Stopped by Casey DeSmith with a rebound.
7:05 of 1st period - Snap shot by Colton Sissons.
7:05 of 1st period - Deflect By Alex Formenton.
7:05 of 1st period - Stopped by Casey DeSmith with a rebound.
7:07 of 1st period - Wrist shot by Colton Sissons.
7:07 of 1st period - Stopped by Casey DeSmith with a rebound.
7:29 of 1st period - Snap shot by Curtis Lazar.
7:29 of 1st period - Stopped by Maxime Lagace without a rebound.
7:30 of 1st period - Nicolas Petan wins face-off versus Aleksi Saarela in Marlies zone.
7:31 of 1st period - Wrist shot by Ryan Lomberg.
7:31 of 1st period - Stopped by Maxime Lagace with a rebound.
7:33 of 1st period - Slapshot by Juuso Riikola.
7:33 of 1st period - Shot Blocked by Pierre-Olivier Joseph.
7:35 of 1st period - Slapshot by Juuso Riikola.
7:35 of 1st period - Stopped by Maxime Lagace without a rebound.
7:36 of 1st period - Nicolas Petan wins face-off versus Aleksi Saarela in Marlies zone.
7:51 of 1st period - Wrist shot by Ryan Lomberg.
7:51 of 1st period - Goal by Ryan Lomberg - Comets : 1 - Marlies : 0.
7:52 of 1st period - Nicolas Petan wins face-off versus Logan Brown in neutral zone.
8:23 of 1st period - Aleksi Saarela is hit by Juho Lammikko and loses puck.
8:46 of 1st period - Wrist shot by Curtis Lazar.
8:46 of 1st period - Shot Misses the Net.
9:02 of 1st period - Slapshot by Kole Sherwood.
9:02 of 1st period - Stopped by Casey DeSmith with a rebound.
9:12 of 1st period - Snap shot by Mackenzie MacEachern.
9:12 of 1st period - Stopped by Maxime Lagace without a rebound.
9:13 of 1st period - Nicolas Petan wins face-off versus Aleksi Saarela in Marlies zone.
10:01 of 1st period - Colton Sissons is hit by Jean-Sebastien Dea.
11:04 of 1st period - Wrist shot by Martin Necas.
11:04 of 1st period - Shot Misses the Net.
11:21 of 1st period - Icing by Trevor Moore.
11:22 of 1st period - Jean-Sebastien Dea wins face-off versus Colton Sissons in Comets zone.
11:31 of 1st period - Slapshot by Curtis Lazar.
11:31 of 1st period - Stopped by Maxime Lagace with a rebound.
11:33 of 1st period - Slapshot by Jean-Sebastien Dea.
11:33 of 1st period - Deflect By Curtis Lazar.
11:33 of 1st period - Shot Misses the Net.
11:33 of 1st period - Puck is out of play.
11:34 of 1st period - Ryan Lomberg wins face-off versus Tyler Benson in Marlies zone.
11:35 of 1st period - Slapshot by Daniel Zaar.
11:35 of 1st period - Stopped by Maxime Lagace with a rebound.
11:45 of 1st period - Slapshot by Martin Necas.
11:45 of 1st period - Shot Blocked by Juuso Riikola.
11:59 of 1st period - Ryan Lomberg is hit by Colton Sissons.
12:20 of 1st period - Icing by Pierre-Olivier Joseph.
12:21 of 1st period - Jean-Sebastien Dea wins face-off versus Logan Brown in Marlies zone.
12:26 of 1st period - Slapshot by Jean-Sebastien Dea.
12:26 of 1st period - Stopped by Maxime Lagace without a rebound.
12:27 of 1st period - Jean-Sebastien Dea wins face-off versus Aleksi Saarela in Marlies zone.
12:52 of 1st period - Juuso Riikola is hit by Jeff Corbett.
13:02 of 1st period - Backhand shot by Phil Di Giuseppe.
13:02 of 1st period - Shot Blocked by Lucas Carlsson.
13:34 of 1st period - Snap shot by Michael Joly.
13:34 of 1st period - Shot Misses the Net.
13:36 of 1st period - Slapshot by Vladislav Gavrikov.
13:36 of 1st period - Stopped by Maxime Lagace without a rebound.
13:37 of 1st period - Aleksi Saarela wins face-off versus Lane Pederson in Marlies zone.
13:42 of 1st period - Snap shot by Aleksi Saarela.
13:42 of 1st period - Stopped by Casey DeSmith without a rebound.
13:43 of 1st period - Nicolas Petan wins face-off versus Aleksi Saarela in Comets zone.
14:52 of 1st period - Slapshot by Mackenzie MacEachern.
14:52 of 1st period - Shot Misses the Net.
15:18 of 1st period - Snap shot by Ryan Lomberg.
15:18 of 1st period - Stopped by Maxime Lagace with a rebound.
15:20 of 1st period - Snap shot by Ryan Lomberg.
15:20 of 1st period - Stopped by Maxime Lagace with a rebound.
16:30 of 1st period - Snap shot by Aleksi Saarela.
16:30 of 1st period - Shot Misses the Net.
16:35 of 1st period - Off-side.
16:36 of 1st period - Jean-Sebastien Dea wins face-off versus Aleksi Saarela in neutral zone.
16:41 of 1st period - Wrist shot by Jean-Sebastien Dea.
16:41 of 1st period - Shot Blocked by Tyler Benson.
16:58 of 1st period - Wrist shot by Aleksi Saarela.
16:58 of 1st period - Stopped by Casey DeSmith without a rebound.
16:59 of 1st period - Colton Sissons wins face-off versus Nicolas Petan in Comets zone.
17:02 of 1st period - Snap shot by Mathieu Olivier.
17:02 of 1st period - Stopped by Casey DeSmith with a rebound.
17:04 of 1st period - Minor Penalty to Daniil Miromanov for Tripping.
17:05 of 1st period - Colton Sissons wins face-off versus Daniel Zaar in Comets zone.
17:14 of 1st period - Snap shot by Colton Sissons.
17:14 of 1st period - Goal by Colton Sissons - Comets : 1 - Marlies : 1.
17:15 of 1st period - Nicolas Petan wins face-off versus Aleksi Saarela in neutral zone.
17:40 of 1st period - Brendan Guhle is hit by Curtis Lazar.
18:24 of 1st period - Scott Harrington is hit by Lucas Carlsson and loses puck.
18:50 of 1st period - Snap shot by Nicolas Petan.
18:50 of 1st period - Shot Misses the Net.
18:52 of 1st period - Slapshot by Ryan Lomberg.
18:52 of 1st period - Stopped by Maxime Lagace with a rebound.
18:54 of 1st period - Snap shot by Vladislav Gavrikov.
18:54 of 1st period - Shot Blocked by Pierre-Olivier Joseph.
18:56 of 1st period - Slapshot by Vladislav Gavrikov.
18:56 of 1st period - Deflect By Ryan Lomberg.
18:56 of 1st period - Stopped by Maxime Lagace with a rebound.
19:14 of 1st period - Off-side.
19:15 of 1st period - Colton Sissons wins face-off versus Nicolas Petan in neutral zone.
19:18 of 1st period - Adam Ollas-Mattsson is hit by Colton Sissons and loses puck.
Goals for this period are 1 for Comets vs 1 for Marlies.
Shots for this period are 15 for Comets vs 11 for Marlies.

2nd period


0:01 of 2nd period - Aleksi Saarela wins face-off versus Nicolas Petan in neutral zone.
0:12 of 2nd period - Slapshot by Pierre-Olivier Joseph.
0:12 of 2nd period - Stopped by Casey DeSmith with a rebound.
0:14 of 2nd period - Slapshot by Aleksi Saarela.
0:14 of 2nd period - Deflect By Martin Necas.
0:14 of 2nd period - Shot Misses the Net.
0:14 of 2nd period - Puck is out of play.
0:15 of 2nd period - Logan Brown wins face-off versus Tyler Graovac in Comets zone.
0:25 of 2nd period - Minor Penalty to Juho Lammikko for Tripping.
0:26 of 2nd period - Martin Necas wins face-off versus Daniel Zaar in Comets zone.
0:38 of 2nd period - Slapshot by Pierre-Olivier Joseph.
0:38 of 2nd period - Stopped by Casey DeSmith without a rebound.
0:39 of 2nd period - Colton Sissons wins face-off versus Daniel Zaar in Comets zone.
0:42 of 2nd period - Wrist shot by Colton Sissons.
0:42 of 2nd period - Shot Misses the Net.
0:44 of 2nd period - Snap shot by Colton Sissons.
0:44 of 2nd period - Shot Misses the Net.
0:46 of 2nd period - Snap shot by Tyler Benson.
0:46 of 2nd period - Stopped by Casey DeSmith with a rebound.
0:48 of 2nd period - Snap shot by Colton Sissons.
0:48 of 2nd period - Stopped by Casey DeSmith without a rebound.
0:49 of 2nd period - Daniel Zaar wins face-off versus Colton Sissons in Comets zone.
0:59 of 2nd period - Wrist shot by Tyler Benson.
0:59 of 2nd period - Shot Misses the Net.
1:01 of 2nd period - Slapshot by Pierre-Olivier Joseph.
1:01 of 2nd period - Stopped by Casey DeSmith without a rebound.
1:02 of 2nd period - Daniel Zaar wins face-off versus Colton Sissons in Comets zone.
1:59 of 2nd period - Colton Sissons is hit by Curtis Lazar and loses puck.
2:25 of 2nd period - Penalty to Juho Lammikko is over, Juho Lammikko is back on ice.
2:41 of 2nd period - Snap shot by Juho Lammikko.
2:41 of 2nd period - Shot Blocked by Brendan Guhle.
3:06 of 2nd period - Henri Ikonen is hit by Juho Lammikko and loses puck.
3:29 of 2nd period - Snap shot by Matthew Highmore.
3:29 of 2nd period - Shot Misses the Net.
3:31 of 2nd period - Wrist shot by Tobias Lindberg.
3:31 of 2nd period - Stopped by Casey DeSmith with a rebound.
3:33 of 2nd period - Wrist shot by Tobias Lindberg.
3:33 of 2nd period - Stopped by Casey DeSmith without a rebound.
3:34 of 2nd period - Jean-Sebastien Dea wins face-off versus Aleksi Saarela in Comets zone.
3:50 of 2nd period - Wrist shot by Jean-Sebastien Dea.
3:50 of 2nd period - Stopped by Maxime Lagace with a rebound.
4:26 of 2nd period - Snap shot by Mackenzie MacEachern.
4:26 of 2nd period - Deflect By Michael Joly.
4:26 of 2nd period - Shot Misses the Net.
4:26 of 2nd period - Puck is out of play.
4:27 of 2nd period - Aleksi Saarela wins face-off versus Jean-Sebastien Dea in Marlies zone.
4:51 of 2nd period - Icing by Mathieu Olivier.
4:52 of 2nd period - Nicolas Petan wins face-off versus Colton Sissons in Marlies zone.
5:18 of 2nd period - Slapshot by Keaton Thompson.
5:18 of 2nd period - Stopped by Casey DeSmith with a rebound.
5:44 of 2nd period - Snap shot by Logan Brown.
5:44 of 2nd period - Stopped by Casey DeSmith with a rebound.
5:56 of 2nd period - Henri Ikonen is hit by Juuso Riikola and loses puck.
6:03 of 2nd period - Snap shot by Mackenzie MacEachern.
6:03 of 2nd period - Stopped by Maxime Lagace with a rebound.
6:20 of 2nd period - Minor Penalty to Colton Sissons for Tripping.
6:21 of 2nd period - Mathieu Olivier wins face-off versus Nicolas Petan in Marlies zone.
6:31 of 2nd period - Snap shot by Tyler Benson.
6:31 of 2nd period - Shot Blocked by Scott Harrington.
7:07 of 2nd period - Off-side.
7:08 of 2nd period - Jean-Sebastien Dea wins face-off versus Aleksi Saarela in neutral zone.
7:43 of 2nd period - Off-side.
7:44 of 2nd period - Mathieu Olivier wins face-off versus Nicolas Petan in neutral zone.
8:20 of 2nd period - Penalty to Colton Sissons is over, Colton Sissons is back on ice.
9:32 of 2nd period - Slapshot by Aleksi Saarela.
9:32 of 2nd period - Stopped by Casey DeSmith with a rebound.
9:34 of 2nd period - Backhand shot by Jeff Corbett.
9:34 of 2nd period - Shot Blocked by Adam Ollas-Mattsson.
9:38 of 2nd period - Snap shot by Aleksi Saarela.
9:38 of 2nd period - Shot Blocked by Juho Lammikko.
10:36 of 2nd period - Scott Harrington is hit by Tobias Lindberg and loses puck.
10:51 of 2nd period - Slapshot by Phil Di Giuseppe.
10:51 of 2nd period - Deflect By Tyler Graovac.
10:51 of 2nd period - Shot Blocked by Keaton Thompson.
10:51 of 2nd period - Puck is out of play.
10:52 of 2nd period - Tyler Graovac wins face-off versus Aleksi Saarela in Marlies zone.
11:31 of 2nd period - Wrist shot by Joel Farabee.
11:31 of 2nd period - Stopped by Casey DeSmith with a rebound.
11:41 of 2nd period - Nicolas Petan is hit by Colton Sissons and loses puck.
11:53 of 2nd period - Daniel Zaar is hit by Alex Formenton and loses puck.
12:47 of 2nd period - Icing by Scott Harrington.
12:48 of 2nd period - Joel Farabee wins face-off versus Nicolas Petan in Comets zone.
13:03 of 2nd period - Slapshot by Scott Harrington.
13:03 of 2nd period - Shot Blocked by Kole Sherwood.
13:15 of 2nd period - Wrist shot by Phil Di Giuseppe.
13:15 of 2nd period - Stopped by Maxime Lagace without a rebound.
13:16 of 2nd period - Aleksi Saarela wins face-off versus Tyler Graovac in Marlies zone.
13:16 of 2nd period - Aleksi Saarela is hit by Tyler Graovac.
13:29 of 2nd period - Minor Penalty to Juuso Riikola for Slashing.
13:30 of 2nd period - Colton Sissons wins face-off versus Daniel Zaar in Comets zone.
13:30 of 2nd period - Slapshot by Tyler Benson.
13:30 of 2nd period - Deflect By Martin Necas.
13:30 of 2nd period - Shot Blocked by Daniel Zaar.
13:30 of 2nd period - Puck is out of play.
13:31 of 2nd period - Daniel Zaar wins face-off versus Colton Sissons in Comets zone.
13:46 of 2nd period - Wrist shot by Ryan Lomberg.
13:46 of 2nd period - Shot Misses the Net.
14:18 of 2nd period - William Lagesson is hit by Brendan Guhle and loses puck.
15:08 of 2nd period - Snap shot by Lane Pederson.
15:08 of 2nd period - Stopped by Maxime Lagace with a rebound.
15:10 of 2nd period - Snap shot by Charles Hudon.
15:10 of 2nd period - Stopped by Maxime Lagace without a rebound.
15:11 of 2nd period - Colton Sissons wins face-off versus Daniel Zaar in Marlies zone.
15:28 of 2nd period - Snap shot by Dan Renouf.
15:28 of 2nd period - Deflect By Curtis Lazar.
15:28 of 2nd period - Stopped by Maxime Lagace without a rebound.
15:29 of 2nd period - Penalty to Juuso Riikola is over, Juuso Riikola is back on ice.
15:29 of 2nd period - Colton Sissons wins face-off versus Jean-Sebastien Dea in Marlies zone.
15:29 of 2nd period - Colton Sissons is hit by Curtis Lazar.
16:00 of 2nd period - Snap shot by Trevor Moore.
16:00 of 2nd period - Stopped by Maxime Lagace with a rebound.
16:14 of 2nd period - Wrist shot by Jean-Sebastien Dea.
16:14 of 2nd period - Shot Misses the Net.
16:16 of 2nd period - Snap shot by Curtis Lazar.
16:16 of 2nd period - Stopped by Maxime Lagace with a rebound.
16:18 of 2nd period - Slapshot by Jean-Sebastien Dea.
16:18 of 2nd period - Stopped by Maxime Lagace with a rebound.
16:20 of 2nd period - Slapshot by Scott Harrington.
16:20 of 2nd period - Stopped by Maxime Lagace without a rebound.
16:21 of 2nd period - Nicolas Petan wins face-off versus Logan Brown in Marlies zone.
16:22 of 2nd period - Snap shot by Ryan Lomberg.
16:22 of 2nd period - Stopped by Maxime Lagace with a rebound.
16:34 of 2nd period - Snap shot by Ryan Lomberg.
16:34 of 2nd period - Shot Misses the Net.
16:36 of 2nd period - Slapshot by Juuso Riikola.
16:36 of 2nd period - Stopped by Maxime Lagace without a rebound.
16:37 of 2nd period - Matthew Highmore wins face-off versus Tyler Graovac in Marlies zone.
16:37 of 2nd period - Matthew Highmore is hit by Phil Di Giuseppe.
16:43 of 2nd period - Wrist shot by Juho Lammikko.
16:43 of 2nd period - Shot Blocked by Tobias Lindberg.
16:45 of 2nd period - Snap shot by Tyler Graovac.
16:45 of 2nd period - Deflect By Pierre-Olivier Joseph.
16:45 of 2nd period - Shot Misses the Net.
16:45 of 2nd period - Puck is out of play.
16:46 of 2nd period - Matthew Highmore wins face-off versus Tyler Graovac in Marlies zone.
16:51 of 2nd period - Slapshot by Brendan Guhle.
16:51 of 2nd period - Shot Misses the Net.
18:34 of 2nd period - Wrist shot by Juho Lammikko.
18:34 of 2nd period - Stopped by Maxime Lagace without a rebound.
18:35 of 2nd period - Aleksi Saarela wins face-off versus Ryan Lomberg in Marlies zone.
18:44 of 2nd period - Slapshot by Aleksi Saarela.
18:44 of 2nd period - Shot Blocked by Scott Harrington.
18:46 of 2nd period - Wrist shot by Aleksi Saarela.
18:46 of 2nd period - Shot Misses the Net.
18:48 of 2nd period - Slapshot by Jeff Corbett.
18:48 of 2nd period - Deflect By Daniel Zaar.
18:48 of 2nd period - Stopped by Casey DeSmith with a rebound.
18:50 of 2nd period - Wrist shot by Aleksi Saarela.
18:50 of 2nd period - Shot Blocked by Nicolas Petan.
19:00 of 2nd period - Lucas Carlsson is hit by Jean-Sebastien Dea and loses puck.
19:42 of 2nd period - Tyler Benson is hit by Adam Ollas-Mattsson and loses puck.
Goals for this period are 0 for Comets vs 0 for Marlies.
Shots for this period are 13 for Comets vs 12 for Marlies.

3rd period


0:01 of 3rd period - Nicolas Petan wins face-off versus Martin Necas in neutral zone.
0:06 of 3rd period - Wrist shot by Daniel Zaar.
0:06 of 3rd period - Stopped by Maxime Lagace with a rebound.
0:16 of 3rd period - Snap shot by Martin Necas.
0:16 of 3rd period - Shot Misses the Net.
0:43 of 3rd period - Icing by Colton Sissons.
0:44 of 3rd period - Logan Brown wins face-off versus Tyler Graovac in Marlies zone.
1:11 of 3rd period - Ryan Lomberg is hit by Martin Necas and loses puck.
1:28 of 3rd period - Ryan Lomberg is hit by Jeff Corbett.
2:37 of 3rd period - Slapshot by Dan Renouf.
2:37 of 3rd period - Stopped by Maxime Lagace without a rebound.
2:38 of 3rd period - Lane Pederson wins face-off versus Kole Sherwood in Marlies zone.
2:39 of 3rd period - Wrist shot by Mackenzie MacEachern.
2:39 of 3rd period - Shot Misses the Net.
2:41 of 3rd period - Snap shot by Lane Pederson.
2:41 of 3rd period - Stopped by Maxime Lagace without a rebound.
2:42 of 3rd period - Aleksi Saarela wins face-off versus Nicolas Petan in Marlies zone.
4:32 of 3rd period - Trevor Moore is hit by Alex Formenton and loses puck.
4:42 of 3rd period - Minor Penalty to Jean-Sebastien Dea for Holding.
4:43 of 3rd period - Daniel Zaar wins face-off versus Colton Sissons in Comets zone.
5:16 of 3rd period - Slapshot by Jeff Corbett.
5:16 of 3rd period - Deflect By Mathieu Olivier.
5:16 of 3rd period - Shot Misses the Net.
5:16 of 3rd period - Puck is out of play.
5:17 of 3rd period - Aleksi Saarela wins face-off versus Nicolas Petan in Comets zone.
6:14 of 3rd period - Mathieu Olivier is hit by Daniel Zaar and loses puck.
6:42 of 3rd period - Penalty to Jean-Sebastien Dea is over, Jean-Sebastien Dea is back on ice.
6:48 of 3rd period - Slapshot by Mackenzie MacEachern.
6:48 of 3rd period - Deflect By Michael Joly.
6:48 of 3rd period - Stopped by Maxime Lagace with a rebound.
6:54 of 3rd period - Lane Pederson is hit by Kole Sherwood and loses puck.
7:13 of 3rd period - Icing by Henri Ikonen.
7:14 of 3rd period - Tyler Graovac wins face-off versus Matthew Highmore in Marlies zone.
7:39 of 3rd period - Jeff Corbett is hit by Nicolas Petan.
7:46 of 3rd period - Off-side.
7:47 of 3rd period - Aleksi Saarela wins face-off versus Ryan Lomberg in neutral zone.
7:52 of 3rd period - Snap shot by Martin Necas.
7:52 of 3rd period - Shot Misses the Net.
7:54 of 3rd period - Slapshot by Rasmus Dahlin.
7:54 of 3rd period - Stopped by Casey DeSmith with a rebound.
7:56 of 3rd period - Snap shot by Keaton Thompson.
7:56 of 3rd period - Shot Blocked by Scott Harrington.
8:12 of 3rd period - Mathieu Olivier is hit by Trevor Moore and loses puck.
8:56 of 3rd period - Vladislav Gavrikov is hit by Henri Ikonen and loses puck.
9:03 of 3rd period - Brendan Guhle is hit by Mackenzie MacEachern and loses puck.
9:44 of 3rd period - Lucas Carlsson is hit by Curtis Lazar and loses puck.
10:00 of 3rd period - Off-side.
10:01 of 3rd period - Logan Brown wins face-off versus Tyler Graovac in neutral zone.
10:11 of 3rd period - Snap shot by Juho Lammikko.
10:11 of 3rd period - Shot Blocked by Keaton Thompson.
10:19 of 3rd period - Snap shot by Juho Lammikko.
10:19 of 3rd period - Goal by Juho Lammikko - Comets : 2 - Marlies : 1.
10:20 of 3rd period - Aleksi Saarela wins face-off versus Nicolas Petan in neutral zone.
10:45 of 3rd period - Vladislav Gavrikov is hit by Colton Sissons and loses puck.
11:18 of 3rd period - Slapshot by Lane Pederson.
11:18 of 3rd period - Shot Misses the Net.
11:58 of 3rd period - Slapshot by Rasmus Dahlin.
11:58 of 3rd period - Shot Blocked by Jean-Sebastien Dea.
12:18 of 3rd period - Rasmus Dahlin is hit by Juho Lammikko and loses puck.
12:33 of 3rd period - Snap shot by Logan Brown.
12:33 of 3rd period - Stopped by Casey DeSmith with a rebound.
12:35 of 3rd period - Wrist shot by Kole Sherwood.
12:35 of 3rd period - Stopped by Casey DeSmith with a rebound.
14:00 of 3rd period - Snap shot by Kole Sherwood.
14:00 of 3rd period - Shot Misses the Net.
14:20 of 3rd period - Tyler Benson is hit by Ryan Lomberg and loses puck.
14:35 of 3rd period - Jean-Sebastien Dea is hit by Colton Sissons.
15:06 of 3rd period - Icing by Matthew Highmore.
15:07 of 3rd period - Nicolas Petan wins face-off versus Matthew Highmore in Marlies zone.
15:10 of 3rd period - Snap shot by Daniel Zaar.
15:10 of 3rd period - Goal by Daniel Zaar - Comets : 3 - Marlies : 1.
15:11 of 3rd period - Nicolas Petan wins face-off versus Aleksi Saarela in neutral zone.
15:28 of 3rd period - Ryan Lomberg is hit by Aleksi Saarela and loses puck.
16:07 of 3rd period - Snap shot by Pierre-Olivier Joseph.
16:07 of 3rd period - Deflect By Mathieu Olivier.
16:07 of 3rd period - Stopped by Casey DeSmith without a rebound.
16:08 of 3rd period - Aleksi Saarela wins face-off versus Nicolas Petan in Comets zone.
16:15 of 3rd period - Wrist shot by Aleksi Saarela.
16:15 of 3rd period - Deflect By Daniel Zaar.
16:15 of 3rd period - Shot Blocked by Dan Renouf.
16:15 of 3rd period - Puck is out of play.
16:16 of 3rd period - Aleksi Saarela wins face-off versus Ryan Lomberg in Comets zone.
16:25 of 3rd period - Wrist shot by Nicolas Petan.
16:25 of 3rd period - Shot Misses the Net.
16:27 of 3rd period - Snap shot by Nicolas Petan.
16:27 of 3rd period - Shot Misses the Net.
16:29 of 3rd period - Snap shot by Dan Renouf.
16:29 of 3rd period - Deflect By Aleksi Saarela.
16:29 of 3rd period - Stopped by Maxime Lagace with a rebound.
16:40 of 3rd period - Wrist shot by Ryan Lomberg.
16:40 of 3rd period - Stopped by Maxime Lagace without a rebound.
16:41 of 3rd period - Logan Brown wins face-off versus Jean-Sebastien Dea in Marlies zone.
16:48 of 3rd period - Slapshot by Pierre-Olivier Joseph.
16:48 of 3rd period - Shot Blocked by Jean-Sebastien Dea.
17:10 of 3rd period - Snap shot by Phil Di Giuseppe.
17:10 of 3rd period - Shot Misses the Net.
17:28 of 3rd period - Martin Necas is hit by Nicolas Petan and loses puck.
18:11 of 3rd period - Backhand shot by Kole Sherwood.
18:11 of 3rd period - Stopped by Casey DeSmith with a rebound.
18:13 of 3rd period - Slapshot by Rasmus Dahlin.
18:13 of 3rd period - Shot Misses the Net.
18:35 of 3rd period - Minor Penalty to Vladislav Gavrikov for Roughing.
18:36 of 3rd period - Colton Sissons wins face-off versus Daniel Zaar in Comets zone.
18:43 of 3rd period - Slapshot by Pierre-Olivier Joseph.
18:43 of 3rd period - Shot Misses the Net.
18:45 of 3rd period - Snap shot by Tyler Benson.
18:45 of 3rd period - Goal by Tyler Benson - Comets : 3 - Marlies : 2.
18:46 of 3rd period - Nicolas Petan wins face-off versus Colton Sissons in neutral zone.
18:53 of 3rd period - Marlies, Maxime Lagace is pulled from the net.
18:55 of 3rd period - Snap shot by Colton Sissons.
18:55 of 3rd period - Stopped by Casey DeSmith with a rebound.
18:57 of 3rd period - Wrist shot by Jeff Corbett.
18:57 of 3rd period - Goal by Jeff Corbett - Comets : 3 - Marlies : 3.
18:57 of 3rd period - Maxime Lagace from Marlies was sent back in the game.
18:58 of 3rd period - Nicolas Petan wins face-off versus Logan Brown in neutral zone.
19:03 of 3rd period - Snap shot by Ryan Lomberg.
19:03 of 3rd period - Shot Misses the Net.
Goals for this period are 2 for Comets vs 2 for Marlies.
Shots for this period are 8 for Comets vs 8 for Marlies.

Overtime #1


0:01 of 1st overtime period - Nicolas Petan wins face-off versus Colton Sissons in neutral zone.
0:13 of 1st overtime period - Slapshot by Colton Sissons.
0:13 of 1st overtime period - Stopped by Casey DeSmith without a rebound.
0:14 of 1st overtime period - Colton Sissons wins face-off versus Daniel Zaar in Comets zone.
0:27 of 1st overtime period - Snap shot by Aleksi Saarela.
0:27 of 1st overtime period - Shot Misses the Net.
1:03 of 1st overtime period - Jeff Corbett is hit by Scott Harrington and loses puck.
2:54 of 1st overtime period - Icing by Ryan Lomberg.
2:55 of 1st overtime period - Martin Necas wins face-off versus Jean-Sebastien Dea in Comets zone.
2:58 of 1st overtime period - Snap shot by Mathieu Olivier.
2:58 of 1st overtime period - Stopped by Casey DeSmith without a rebound.
2:59 of 1st overtime period - Jean-Sebastien Dea wins face-off versus Martin Necas in Comets zone.
3:21 of 1st overtime period - Icing by Jeff Corbett.
3:22 of 1st overtime period - Colton Sissons wins face-off versus Daniel Zaar in Marlies zone.
3:47 of 1st overtime period - Tyler Benson is hit by Nicolas Petan and loses puck.
3:54 of 1st overtime period - Snap shot by Logan Brown.
3:54 of 1st overtime period - Shot Blocked by Vladislav Gavrikov.
3:56 of 1st overtime period - Wrist shot by Brendan Guhle.
3:56 of 1st overtime period - Stopped by Casey DeSmith with a rebound.
Goals for this period are 0 for Comets vs 0 for Marlies.
Shots for this period are 0 for Comets vs 3 for Marlies.

ShootOut


5:00 of 1st overtime period - Round #1.
5:00 of 1st overtime period - Comets, Daniel Zaar.
5:00 of 1st overtime period - Wrist shot by Daniel Zaar.
5:00 of 1st overtime period - Goal by Daniel Zaar.
5:00 of 1st overtime period - Marlies, Colton Sissons.
5:00 of 1st overtime period - Snap shot by Colton Sissons.
5:00 of 1st overtime period - Goal by Colton Sissons.
5:00 of 1st overtime period - Round #2.
5:00 of 1st overtime period - Comets, Ryan Lomberg.
5:00 of 1st overtime period - Wrist shot by Ryan Lomberg.
5:00 of 1st overtime period - Stopped by Maxime Lagace.
5:00 of 1st overtime period - Marlies, Aleksi Saarela.
5:00 of 1st overtime period - Wrist shot by Aleksi Saarela.
5:00 of 1st overtime period - Shot Misses the Net.
5:00 of 1st overtime period - Round #3.
5:00 of 1st overtime period - Comets, Nicolas Petan.
5:00 of 1st overtime period - Deke by Nicolas Petan.
5:00 of 1st overtime period - Shot Misses the Net.
5:00 of 1st overtime period - Marlies, Tyler Benson.
5:00 of 1st overtime period - Snap shot by Tyler Benson.
5:00 of 1st overtime period - Shot Misses the Net.
5:00 of 1st overtime period - Round #4.
5:00 of 1st overtime period - Comets, Curtis Lazar.
5:00 of 1st overtime period - Deke by Curtis Lazar.
5:00 of 1st overtime period - Stopped by Maxime Lagace.
5:00 of 1st overtime period - Marlies, Logan Brown.
5:00 of 1st overtime period - Backhand shot by Logan Brown.
5:00 of 1st overtime period - Stopped by Casey DeSmith.
5:00 of 1st overtime period - Round #5.
5:00 of 1st overtime period - Comets, Jean-Sebastien Dea.
5:00 of 1st overtime period - Deke by Jean-Sebastien Dea.
5:00 of 1st overtime period - Stopped by Maxime Lagace.
5:00 of 1st overtime period - Marlies, Mathieu Olivier.
5:00 of 1st overtime period - Wrist shot by Mathieu Olivier.
5:00 of 1st overtime period - Shot Misses the Net.
5:00 of 1st overtime period - Round #6.
5:00 of 1st overtime period - Comets, Mackenzie MacEachern.
5:00 of 1st overtime period - Wrist shot by Mackenzie MacEachern.
5:00 of 1st overtime period - Goal by Mackenzie MacEachern.
5:00 of 1st overtime period - Marlies, Joel Farabee.
5:00 of 1st overtime period - Deke by Joel Farabee.
5:00 of 1st overtime period - Goal by Joel Farabee.
5:00 of 1st overtime period - Round #7.
5:00 of 1st overtime period - Comets, Trevor Moore.
5:00 of 1st overtime period - Snap shot by Trevor Moore.
5:00 of 1st overtime period - Stopped by Maxime Lagace.
5:00 of 1st overtime period - Marlies, Matthew Highmore.
5:00 of 1st overtime period - Wrist shot by Matthew Highmore.
5:00 of 1st overtime period - Goal by Matthew Highmore.